 Dungeon Crawl Stone Soup version 0.23-a0-650-ga4d50d4 (webtiles) character file.

81 Borgoz the Cutter (level 4, -1/29 HPs)
             Began as a Kobold Berserker on Jan 2, 2019.
             Was a Believer of Trog.
             Slain by a hobgoblin (2 damage)
             ... on level 3 of the Dungeon.
             The game lasted 00:09:27 (1526 turns).

Borgoz the Cutter (Kobold Berserker)                Turns: 1526, Time: 00:09:29

Health: -1/29      AC:  2    Str: 14    XL:     4   Next: 67%
Magic:  4/4        EV: 16    Int:  8    God:    Trog [**....]
Gold:   76         SH:  0    Dex: 15    Spells: 3/3 levels left

rFire    . . .     SeeInvis .   a - +0 short sword
rCold    . . .     Gourm    .   (shield restricted)
rNeg     . . .     Faith    .   b - +0 animal skin
rPois    .         Spirit   .   (no helmet)
rElec    .         Reflect  .   (no cloak)
rCorr    .         Harm     .   (no gloves)
MR       .....                  (no boots)
Stlth    ++........             (no amulet)
HPRegen  0.09/turn              (no ring)
MPRegen  0.09/turn              (no ring)

@: no status effects
A: small, carnivore
a: Berserk, Trog's Hand, Renounce Religion


You were on level 3 of the Dungeon.
You worshipped Trog.
Trog was pleased with you.
You were very full.

You visited 1 branch of the dungeon, and saw 3 of its levels.

You collected 76 gold pieces.

Inventory:

Hand Weapons
 a - a +0 short sword (weapon)
Armour
 b - a +0 animal skin (worn)
 i - a cursed +0 helmet
Jewellery
 j - a cursed ring of teleportation {unknown}
Scrolls
 f - a scroll of fog {unknown}
 k - a scroll of teleportation {unknown}
 l - a scroll of amnesia {unknown}
 m - a scroll of immolation {unknown}
Potions
 d - a potion of ambrosia {unknown}
 e - a potion of flight {unknown}
 g - a potion of resistance {unknown}
 h - a potion of degeneration {unknown}
Comestibles
 c - 2 rations


   Skills:
 + Level 4.3 Fighting
 + Level 5.2 Short Blades
 + Level 1.6 Armour
 + Level 3.1 Dodging
 + Level 1.3 Stealth


You had 3 spell levels left.
You didn't know any spells.
Your spell library was empty.

Dungeon Overview and Level Annotations

Branches:
Dungeon (3/15)

Altars:


Innate Abilities, Weirdness & Mutations

You are small and have problems with some larger weapons.
You are carnivorous and can eat meat at any time.


Message History

The fungus is moderately damaged.
The hobgoblin closely misses you. The orc misses you.
You hit the fungus.
The fungus is heavily damaged.
The orc completely misses you. The orc hits you.
* * * LOW HITPOINT WARNING * * *
The hobgoblin closely misses you.
The orc wizard gestures wildly while chanting.
The orc wizard blinks!
You open the door. The goblin barely misses you. The orc misses you.
The orc closely misses you. The hobgoblin barely misses you.
The orc wizard gestures wildly while chanting.
The orc wizard seems to speed up.
You hit the fungus.
The fungus is lightly damaged.
The goblin barely misses you. The orc hits you.
* * * LOW HITPOINT WARNING * * *
The orc wizard mumbles some strange words.
The orc wizard blinks!
An orc opens the door.
The hobgoblin hits you.
You die...

#.g# ##o#
#†# #.##
#..#
♣♣###.#
♣P'o..#
♣♣♣Poo§.#
♣oPP@g.##
♣)♣)P'g##
♣♣♣###


You could see an orc wizard, 3 orcs, a hobgoblin and a goblin.

Vanquished Creatures
  Jessica (D:2)
  An ooze (D:3)
  A worm (D:2)
  A dart slug (D:1)
  4 orcs (D:3)
  A ball python (D:1)
  2 bats
  7 goblins
  5 hobgoblins (D:1)
  A jackal (D:1)
  4 kobolds (D:1)
  3 frilled lizards
  10 rats
41 creatures vanquished.

Notes
Turn   | Place    | Note
-------+----------+-------------------------------------------
     0 | D:1      | Borgoz the Kobold Berserker began the quest for the Orb.
     0 | D:1      | Reached XP level 1. HP: 14/14 MP: 1/1
    36 | D:1      | Reached XP level 2. HP: 16/20 MP: 2/2
   505 | D:1      | Reached XP level 3. HP: 16/24 MP: 3/3
   906 | D:2      | Reached ** piety under Trog
   940 | D:2      | Noticed Jessica
   949 | D:2      | Killed Jessica
   949 | D:2      | Reached skill level 1 in Stealth
   949 | D:2      | Reached XP level 4. HP: 9/29 MP: 4/4
  1303 | D:2      | Reached skill level 5 in Short Blades
  1524 | D:3      | HP: 1/29 [orc (2)]
  1526 | D:3      | Slain by a hobgoblin

Vault maps used:
D:1:      wander_arrival_desolate
D:2:      first_ration, kennysheep_generic_room_3, uniq_jessica
D:3:      minmay_pentangle, uniq_crazy_yiuf_cottage, uniq_ijyb

Skill      XL: |  1  2  3  4 |
---------------+-------------+-----
Fighting       | 4 |  4.3
Dodging        | 3 |  3.1
Stealth        | 1 |  1.3
Short Blades   | 5 |  5.2
Armour         | |  1.6

Action                   |  1- 3 |  4- 6 || total
-------------------------+-------+-------++-------
Melee: Short sword       |    97 |    69 ||   166
 Stab: Sleeping          |     1 |     1 ||     2
  Eat: Chunk             |     9 |       ||     9
Armor: Animal skin       |    10 |     9 ||    19
Dodge: Dodged            |    54 |    61 ||   115

Table legend:
 A = Non-vault XP
 B = Vault XP
 C = Vault XP percentage of total XP
 D = Non-vault monster count
 E = Vault monster count
 F = Vault count percentage of total count
                 A         B        C        D         E       F
            +---------+---------+-------+---------+---------+-------
      Total |      79 |      37 |  31.9 |      40 |       1 |   2.4
            +---------+---------+-------+---------+---------+-------
        D:1 |      44 |       0 |   0.0 |      26 |       0 |   0.0
        D:2 |      13 |      37 |  74.0 |       6 |       1 |  14.3
        D:3 |      22 |       0 |   0.0 |       8 |       0 |   0.0
            +---------+---------+-------+---------+---------+-------
